[Event "CZE-ch 2020"]
[Site "Pilsen"]
[Date "2020.08.29"]
[Round "7.31"]
[White "Joukl, Zdenek"]
[Black "Ludvik, Tomas"]
[Result "1/2-1/2"]
[ECO "D02"]
[WhiteElo "2062"]
[BlackElo "2202"]
[Annotator "NA"]
[PlyCount "71"]
[EventDate "2020.08.23"]
[EventType "swiss"]
[EventCountry "CZE"]
[SourceTitle "playchess.com"]
[Source "ChessBase"]
[SourceQuality "1"]
[TimeControl "40/5400+30:1800+30"]

1. d4 d5 2. Nf3 Nf6 3. Bf4 c5 4. e3 Nc6 5. c3 Qb6 6. b3 Bf5 7. Be2 e6 8. Ne5 cxd4 9. exd4 Rc8 10. Bd3 Bxd3 11. Qxd3 Be7 12. O-O O-O 13. Nd2 $11 Nxe5 14. Bxe5 Qa5 15. Rfc1 Rfd8 16. a4 Qa6 17. Qxa6 bxa6 18. Kf1 Rc6 19. Ke2 Rdc8 20. c4 Nd7 21. Kd1 f6 22. Bg3 Bb4 23. cxd5 exd5 24. Rxc6 Rxc6 25. Rc1 Rxc1+ 26. Kxc1 Kf7 27. Kc2 Ke6 28. Nf1 f5 29. Bf4 Ba5 30. Kd3 Bd8 31. Bd2 Bf6 32. Ne3 Nb8 33. Bb4 Nc6 34. Bc5 a5 35. f3 a6 36. g3 1/2-1/2

[Event "CZE-ch 2020"]
[Site "Pilsen"]
[Date "2020.08.29"]
[Round "7.32"]
[White "Placer, Sebastian"]
[Black "Laurincova, Kristyna"]
[Result "0-1"]
[ECO "D83"]
[WhiteElo "2097"]
[BlackElo "2008"]
[Annotator "ChessBase"]
[PlyCount "100"]
[EventDate "2020.08.23"]
[EventType "swiss"]
[EventCountry "CZE"]
[SourceTitle "playchess.com"]
[Source "ChessBase"]
[SourceQuality "1"]
[TimeControl "40/5400+30:1800+30"]

1. d4 Nf6 2. c4 g6 3. Nc3 d5 4. Bf4 Bg7 5. e3 O-O 6. Rc1 dxc4 7. Bxc4 c5 8. dxc5 Qa5 9. Nge2 Qxc5 10. Bb3 Nc6 11. O-O Qa5 12. Qc2 Bd7 13. Rfd1 Rac8 14. Qb1 Qb4 15. e4 Na5 16. Bc2 Be6 17. a3 Qb6 18. Be3 Qa6 19. b3 b6 20. h3 Qb7 21. Bd4 Bh6 22. f4 Nh5 23. Rf1 Rfd8 24. Be3 Ng3 25. Rf3 Nxe2+ 26. Nxe2 Bg7 27. Rf2 Rc7 28. f5 Bd7 29. Bf4 Rcc8 30. Bg5 Bb5 31. fxg6 hxg6 32. Be3 Bxe2 33. Rxe2 Rc3 34. Bd2 Qa6 35. Bxc3 Qxe2 36. Re1 Qb5 37. Bxg7 Kxg7 38. Qb2+ e5 39. b4 Nc6 40. Bb3 Nd4 41. Rf1 f6 42. Rf2 Qd3 43. Bd5 Rc8 44. Rd2 Qe3+ 45. Kh2 Rc3 46. a4 Qg3+ 47. Kh1 Re3 48. Rd1 Nf3 49. gxf3 Qxf3+ 50. Qg2 Qxd1+ 0-1

[Event "CZE-ch 2020"]
[Site "Pilsen"]
[Date "2020.08.29"]
[Round "7.33"]
[White "Nemcova, Karin"]
[Black "Vojta, Jakub"]
[Result "0-1"]
[ECO "B33"]
[WhiteElo "1983"]
[BlackElo "2093"]
[Annotator "NA"]
[PlyCount "68"]
[EventDate "2020.08.23"]
[EventType "swiss"]
[EventCountry "CZE"]
[SourceTitle "playchess.com"]
[Source "ChessBase"]
[SourceQuality "1"]
[TimeControl "40/5400+30:1800+30"]

1. e4 c5 2. Nf3 Nc6 3. d4 cxd4 4. Nxd4 Nf6 5. Nc3 e5 6. Ndb5 d6 7. Bg5 a6 8. Na3 b5 9. Nd5 Be7 10. Bxf6 Bxf6 11. c4 b4 12. Nc2 O-O 13. g3 a5 14. Qf3 Bg5 15. h4 Bh6 16. Bh3 Be6 17. Rd1 a4 18. Kf1 Qb8 19. b3 axb3 $11 20. axb3 Ra2 21. Qd3 Qa7 22. Kg2 Bxd5 23. exd5 Ne7 24. Ra1 Rxa1 25. Rxa1 Qc5 26. Ra4 f5 27. Rxb4 f4 28. Be6+ Kh8 29. gxf4 Ng6 30. Kg1 Nxf4 31. Qf1 Qa7 32. Ne1 Qa1 33. Rb7 Qb1 34. Ng2 Ne2+ 0-1

[Event "CZE-ch 2020"]
[Site "Pilsen"]
[Date "2020.08.29"]
[Round "7.34"]
[White "Janous, Marek"]
[Black "Kopriva, Martin"]
[Result "1/2-1/2"]
[ECO "B06"]
[WhiteElo "1968"]
[BlackElo "2079"]
[Annotator "ChessBase"]
[PlyCount "82"]
[EventDate "2020.08.23"]
[EventType "swiss"]
[EventCountry "CZE"]
[SourceTitle "playchess.com"]
[Source "ChessBase"]
[SourceQuality "1"]
[TimeControl "40/5400+30:1800+30"]

1. e4 g6 2. d4 Bg7 3. Nc3 d6 4. Nf3 a6 5. a4 Nf6 6. h3 O-O 7. Be2 b6 8. O-O Bb7 9. Bd3 Nbd7 10. Re1 e5 11. dxe5 dxe5 12. Bg5 h6 13. Bxf6 Bxf6 14. Bc4 Nc5 15. Qe2 c6 16. Qe3 Kg7 17. a5 Nd7 18. axb6 Qxb6 19. Na4 Qc7 20. Nc5 Nxc5 21. Qxc5 a5 22. Ra4 Ba6 23. Bxa6 Rxa6 24. Rea1 Rfa8 25. Qc3 Qb7 26. Nd2 Bd8 27. Nc4 f6 28. b3 Bb6 29. Nxb6 Qxb6 30. Rd1 Rd8 31. Rd3 h5 32. Rxd8 Qxd8 33. Qc5 Qd1+ 34. Kh2 g5 35. Qe7+ Kg6 36. Qe8+ Kg7 37. Qe7+ Kg6 38. Rc4 Qd2 39. Qe8+ Kg7 40. Qe7+ Kg6 41. Qe8+ Kg7 1/2-1/2

[Event "CZE-ch 2020"]
[Site "Pilsen"]
[Date "2020.08.29"]
[Round "7.36"]
[White "Malinovsky, Petr"]
[Black "Taus, Martin"]
[Result "0-1"]
[ECO "A40"]
[WhiteElo "2081"]
[BlackElo "2142"]
[Annotator "NA"]
[PlyCount "48"]
[EventDate "2020.08.23"]
[EventType "swiss"]
[EventCountry "CZE"]
[SourceTitle "playchess.com"]
[Source "ChessBase"]
[SourceQuality "1"]
[TimeControl "40/5400+30:1800+30"]

1. d4 e6 2. c4 f5 3. e3 Nf6 4. Bd3 b6 5. Nc3 Bb4 6. Nge2 {[%emt 0:00:50] A84: Dutch Defence: 2 c4 Miscellaneous.} Bb7 7. O-O O-O 8. a3 Bd6 9. f3 Nc6 10. b4 a5 11. b5 Ne7 {[%emt 0:01:25] [#]} 12. e4 $146 ({Predecessor:} 12. Bb2 Ng6 13. Qe1 Nh5 14. Qf2 Qg5 15. Bc1 Qe7 16. Na4 e5 17. Bc2 Rae8 18. d5 {1-0 (83) Vasilevich,T (2393)-Kalinitschew,S (2516) Leutersdorf 2005}) 12... fxe4 13. fxe4 e5 14. d5 $2 (14. Na4 $11 {and White stays safe.} exd4 15. Bf4) 14... Bc5+ 15. Kh1 Ng4 16. h3 Rxf1+ 17. Qxf1 Nf2+ 18. Kh2 Nxd3 19. Bd2 $19 Ng6 20. Qf3 Nb2 21. Be3 Qf6 22. Qg3 Qh4 23. Qxh4 Nxh4 24. Rc1 Bxe3 0-1

[Event "CZE-ch 2020"]
[Site "Pilsen"]
[Date "2020.08.29"]
[Round "7.37"]
[White "Babula ml., Vlastimil"]
[Black "Benes, Miroslav"]
[Result "1-0"]
[ECO "C50"]
[WhiteElo "2138"]
[BlackElo "2011"]
[Annotator "NA"]
[PlyCount "53"]
[EventDate "2020.08.23"]
[EventType "swiss"]
[EventCountry "CZE"]
[SourceTitle "playchess.com"]
[Source "ChessBase"]
[SourceQuality "1"]
[TimeControl "40/5400+30:1800+30"]

1. e4 e5 2. Nf3 Nc6 3. Bc4 Nf6 4. d3 Bc5 5. O-O a6 6. c3 d6 7. d4 exd4 8. cxd4 Ba7 9. Nc3 Bg4 10. Be3 $11 O-O 11. Bb3 Qd7 12. Kh1 Na5 13. Bc2 Nc4 14. h3 Nxe3 15. fxe3 Bh5 16. Qe1 Bxf3 17. Rxf3 Qe7 18. Qg3 c6 19. Raf1 Nh5 20. Qg4 g6 21. Bb3 d5 22. exd5 c5 23. dxc5 Bxc5 24. d6 Bxd6 25. Rxf7 Rxf7 26. Rxf7 Ng3+ 27. Qxg3 1-0

[Event "CZE-ch 2020"]
[Site "Pilsen"]
[Date "2020.08.30"]
[Round "8.5"]
[White "Hollan, Martin"]
[Black "Malinovsky, Karel"]
[Result "0-1"]
[ECO "A06"]
[WhiteElo "2346"]
[BlackElo "2474"]
[Annotator "ChessBase"]
[PlyCount "62"]
[EventDate "2020.08.23"]
[EventType "swiss"]
[EventCountry "CZE"]
[SourceTitle "playchess.com"]
[Source "ChessBase"]
[SourceQuality "1"]
[TimeControl "40/5400+30:1800+30"]

1. c4 e6 2. Nf3 d5 3. e3 Nf6 4. b3 c5 5. Bb2 Nc6 6. cxd5 exd5 7. Nc3 d4 8. Na4 Bd6 9. exd4 cxd4 10. Nxd4 Nxd4 11. Bxd4 O-O 12. Be2 Nd5 13. g3 Bh3 14. Bg4 Qe7+ 15. Be3 Bg2 16. Rg1 Be4 17. Bf3 Rad8 18. Bxe4 Qxe4 19. Rc1 Bb4 20. Qc2 Qf3 21. Qd1 Qf5 22. g4 Qe5 23. Rg3 Nxe3 24. Rxe3 Qxh2 25. Nc3 Bc5 26. Qe2 Bxe3 27. dxe3 Qg1+ 28. Qf1 Qxg4 29. Qc4 Qg1+ 30. Qf1 Qxf1+ 31. Kxf1 Rc8 0-1

[Event "CZE-ch 2020"]
[Site "Pilsen"]
[Date "2020.08.30"]
[Round "8.6"]
[White "Michalik, Peter"]
[Black "Kozusek, Daniel"]
[Result "1/2-1/2"]
[ECO "B45"]
[WhiteElo "2593"]
[BlackElo "2307"]
[Annotator "ChessBase"]
[PlyCount "88"]
[EventDate "2020.08.23"]
[EventType "swiss"]
[EventCountry "CZE"]
[SourceTitle "playchess.com"]
[Source "ChessBase"]
[SourceQuality "1"]
[TimeControl "40/5400+30:1800+30"]

1. e4 c5 2. Nc3 e6 3. Nf3 Nc6 4. d4 cxd4 5. Nxd4 Nf6 6. Nxc6 bxc6 7. e5 Nd5 8. Ne4 Bb7 9. Be2 c5 10. O-O Qc7 11. Nd6+ Bxd6 12. exd6 Qb6 13. c4 Nb4 14. Be3 Nc6 15. b4 Nxb4 16. a3 Nc6 17. Rb1 Qa6 18. Bxc5 O-O 19. Rb5 Nd8 20. Bb4 Bc6 21. Rg5 f6 22. Rg3 e5 23. Bd3 Ne6 24. Qb1 e4 25. Bxe4 Bxe4 26. Qxe4 Rac8 27. Rc1 Rc6 28. Rgc3 Qa4 29. Qd5 Ra8 30. Qb5 Qa6 31. h3 Qc8 32. Rd3 a5 33. Be1 Rc5 34. Qb3 Qc6 35. Bd2 Rc8 36. Rd5 a4 37. Qb4 Rxc4 38. Rxc4 Qxc4 39. Qxc4 Rxc4 40. Ra5 Kf7 41. Ra7 Nc5 42. Be3 Ke6 43. Bxc5 Rxc5 44. Rxa4 Rc1+ 1/2-1/2

[Event "CZE-ch 2020"]
[Site "Pilsen"]
[Date "2020.08.30"]
[Round "8.10"]
[White "Orsag, Milan"]
[Black "Cerveny, Petr"]
[Result "1-0"]
[ECO "D15"]
[WhiteElo "2300"]
[BlackElo "2340"]
[Annotator "ChessBase"]
[PlyCount "49"]
[EventDate "2020.08.23"]
[EventType "swiss"]
[EventCountry "CZE"]
[SourceTitle "playchess.com"]
[Source "ChessBase"]
[SourceQuality "1"]
[TimeControl "40/5400+30:1800+30"]

1. d4 d5 2. Nf3 Nf6 3. c4 c6 4. Nc3 a6 5. cxd5 cxd5 6. Bf4 Nc6 7. Rc1 Bf5 8. e3 Rc8 9. Be2 e6 10. O-O Bd6 11. Bxd6 Qxd6 12. Qb3 Rc7 13. Na4 Nd7 14. Nc5 Nxc5 15. Rxc5 O-O 16. Rfc1 Bg4 17. Qb6 f5 18. Bxa6 Bxf3 19. Bxb7 Qe7 20. Bxc6 f4 21. Bxd5 Bxd5 22. Qxc7 Qh4 23. Qe5 Bxg2 24. Qxe6+ Kh8 25. Rc8 1-0

[Event "CZE-ch 2020"]
[Site "Pilsen"]
[Date "2020.08.30"]
[Round "8.11"]
[White "Mladek, Richard"]
[Black "Nemec, Pavel"]
[Result "1-0"]
[ECO "B90"]
[WhiteElo "2280"]
[BlackElo "2243"]
[Annotator "ChessBase"]
[PlyCount "46"]
[EventDate "2020.08.23"]
[EventType "swiss"]
[EventCountry "CZE"]
[SourceTitle "playchess.com"]
[Source "ChessBase"]
[SourceQuality "1"]
[TimeControl "40/5400+30:1800+30"]

1. e4 c5 2. Nf3 d6 3. d4 cxd4 4. Nxd4 Nf6 5. Nc3 a6 6. Bd3 e5 7. Nde2 Be6 8. O-O Nbd7 9. f4 Qb6+ 10. Kh1 Rc8 11. b3 exf4 12. Na4 Qc6 13. Nd4 Qc7 14. c4 g5 15. Nc3 Bg7 16. g3 fxg3 17. Bxg5 Bh3 18. hxg3 Bxf1 19. Qxf1 Qa5 20. Nd5 Nxd5 21. Nf5 Bf6 22. Nxd6+ Kd8 23. Nxb7+ Ke7 1-0

[Event "CZE-ch 2020"]
[Site "Pilsen"]
[Date "2020.08.30"]
[Round "8.13"]
[White "Novotny, Michal"]
[Black "Riha, Vojtech"]
[Result "0-1"]
[ECO "A45"]
[WhiteElo "2246"]
[BlackElo "2270"]
[Annotator "ChessBase"]
[PlyCount "81"]
[EventDate "2020.08.23"]
[EventType "swiss"]
[EventCountry "CZE"]
[SourceTitle "playchess.com"]
[Source "ChessBase"]
[SourceQuality "1"]
[TimeControl "40/5400+30:1800+30"]

1. d4 Nf6 2. Nc3 d5 3. Bf4 e6 4. e3 a6 5. g4 c5 6. g5 Nfd7 7. h4 Nc6 8. Qd2 b5 9. Nf3 Nb6 10. h5 Bd7 11. h6 g6 12. Ne5 Nxe5 13. Bxe5 Rg8 14. Bf6 Qc7 15. dxc5 Bxc5 16. a3 Rc8 17. Rh4 Bc6 18. O-O-O Nd7 19. Bd4 Be7 20. f4 b4 21. axb4 Bxb4 22. Qf2 Qa5 23. Kd2 Nc5 24. Bd3 Bb5 25. Bxc5 Bxc3+ 26. bxc3 Rxc5 27. Ke2 Qxc3 28. Kf3 Ke7 29. Rhh1 Rgc8 30. Rd2 a5 31. Rb1 Bc6 32. Rb3 Qa1 33. Rb6 a4 34. Kg3 a3 35. Ra6 Ra8 36. e4 d4 37. f5 Rxa6 38. Bxa6 a2 39. f6+ Ke8 40. Qf4 Qg1+ 41. Rg2 0-1

[Event "CZE-ch 2020"]
[Site "Pilsen"]
[Date "2020.08.30"]
[Round "8.14"]
[White "Serrano Salvador, Eduardo"]
[Black "Gnojek, Petr"]
[Result "1-0"]
[ECO "A40"]
[WhiteElo "2299"]
[BlackElo "2225"]
[Annotator "ChessBase"]
[PlyCount "67"]
[EventDate "2020.08.23"]
[EventType "swiss"]
[EventCountry "CZE"]
[SourceTitle "playchess.com"]
[Source "ChessBase"]
[SourceQuality "1"]
[TimeControl "40/5400+30:1800+30"]

1. d4 g6 2. Nf3 Bg7 3. g3 d6 4. Bg2 Nd7 5. O-O e5 6. c4 Ne7 7. Nc3 O-O 8. d5 h6 9. e4 f5 10. exf5 gxf5 11. Ne1 Ng6 12. Qh5 Kh7 13. Nf3 f4 14. Ne4 Bf6 15. Bh3 Nc5 16. Bxc8 Rxc8 17. Nxc5 dxc5 18. Re1 Qd7 19. Bd2 Rce8 20. Re4 c6 21. dxc6 Qxc6 22. Rae1 Bg7 23. g4 Re7 24. Bc3 Rfe8 25. g5 b6 26. gxh6 Bxh6 27. Bxe5 Nxe5 28. Rxe5 Rg8+ 29. Kf1 Rxe5 30. Rxe5 Qf6 31. h4 Kg7 32. Ng5 Rh8 33. Qg4 Qxe5 34. Qd7+ 1-0

[Event "CZE-ch 2020"]
[Site "Pilsen"]
[Date "2020.08.30"]
[Round "8.16"]
[White "Stalmach, Richard"]
[Black "Vorisek, Jakub"]
[Result "1-0"]
[ECO "D08"]
[WhiteElo "2273"]
[BlackElo "2205"]
[Annotator "ChessBase"]
[PlyCount "69"]
[EventDate "2020.08.23"]
[EventType "swiss"]
[EventCountry "CZE"]
[SourceTitle "playchess.com"]
[Source "ChessBase"]
[SourceQuality "1"]
[TimeControl "40/5400+30:1800+30"]

1. d4 d5 2. c4 e5 3. e3 exd4 4. exd4 Nf6 5. Nc3 Be7 6. Bd3 dxc4 7. Bxc4 O-O 8. Nf3 Bg4 9. Be3 c6 10. O-O Nbd7 11. Rc1 Nb6 12. Be2 Nbd5 13. Ne5 Bxe2 14. Qxe2 Qa5 15. Bg5 Rfe8 16. Qf3 Nxc3 17. bxc3 Qd5 18. Bxf6 Qxf3 19. Nxf3 Bxf6 20. Rfe1 Kf8 21. Kf1 b5 22. Re3 a5 23. Ke2 b4 24. Kd3 c5 25. Rxe8+ Kxe8 26. dxc5 bxc3 27. Re1+ Kf8 28. Kc4 Rb8 29. c6 Rc8 30. Kb5 Bd8 31. Ne5 Bc7 32. Nd7+ Kg8 33. Rc1 Bxh2 34. g3 h5 35. Nb6 1-0

[Event "CZE-ch 2020"]
[Site "Pilsen"]
[Date "2020.08.30"]
[Round "8.17"]
[White "Flajsman, Pavel"]
[Black "Klement, Lukas"]
[Result "0-1"]
[ECO "E17"]
[WhiteElo "2184"]
[BlackElo "2260"]
[Annotator "ChessBase"]
[PlyCount "60"]
[EventDate "2020.08.23"]
[EventType "swiss"]
[EventCountry "CZE"]
[SourceTitle "playchess.com"]
[Source "ChessBase"]
[SourceQuality "1"]
[TimeControl "40/5400+30:1800+30"]

1. Nf3 Nf6 2. c4 e6 3. g3 b6 4. Bg2 Bb7 5. O-O Be7 6. d4 O-O 7. b3 c5 8. dxc5 bxc5 9. Nc3 Ne4 10. Bb2 f5 11. Nxe4 fxe4 12. Ne5 d5 13. Qc2 Bd6 14. f4 exf3 15. exf3 Bxe5 16. Bxe5 Nc6 17. Rae1 d4 18. f4 Nb4 19. Qd2 Bxg2 20. Kxg2 a5 21. g4 Qd7 22. Rf3 a4 23. bxa4 Qxa4 24. a3 Nc2 25. Rc1 Ne3+ 26. Rxe3 dxe3 27. Qxe3 Rfd8 28. Qxc5 Rd2+ 29. Kh1 Rad8 30. Qe3 Qa8+ 0-1

[Event "CZE-ch 2020"]
[Site "Pilsen"]
[Date "2020.08.30"]
[Round "8.18"]
[White "Svanda, Ondrej"]
[Black "Houska, Jiri"]
[Result "1-0"]
[ECO "B76"]
[WhiteElo "2250"]
[BlackElo "2202"]
[Annotator "ChessBase"]
[PlyCount "53"]
[EventDate "2020.08.23"]
[EventType "swiss"]
[EventCountry "CZE"]
[SourceTitle "playchess.com"]
[Source "ChessBase"]
[SourceQuality "1"]
[TimeControl "40/5400+30:1800+30"]

1. e4 c5 2. Nf3 d6 3. d4 cxd4 4. Nxd4 Nf6 5. Nc3 g6 6. Be3 Bg7 7. f3 O-O 8. Qd2 Nc6 9. O-O-O d5 10. Qe1 e5 11. Nxc6 bxc6 12. exd5 Nxd5 13. Bc4 Be6 14. Kb1 Rb8 15. Ne4 Qc7 16. Bc5 Rfd8 17. g4 h6 18. Rg1 f5 19. gxf5 gxf5 20. Nf6+ Kh8 21. Nh5 Bf8 22. Bxf8 Rxf8 23. Rg6 Bg8 24. Rxh6+ Bh7 25. f4 Nxf4 26. Rxc6 Qe7 27. Nxf4 1-0

[Event "CZE-ch 2020"]
[Site "Pilsen"]
[Date "2020.08.30"]
[Round "8.19"]
[White "Paseka, Matyas"]
[Black "Zeman, Matyas"]
[Result "1/2-1/2"]
[ECO "C03"]
[WhiteElo "1959"]
[BlackElo "2250"]
[Annotator "ChessBase"]
[PlyCount "61"]
[EventDate "2020.08.23"]
[EventType "swiss"]
[EventCountry "CZE"]
[SourceTitle "playchess.com"]
[Source "ChessBase"]
[SourceQuality "1"]
[TimeControl "40/5400+30:1800+30"]

1. e4 e6 2. d4 d5 3. Nd2 h6 4. c3 c5 5. exd5 exd5 6. Ngf3 Nf6 7. Bb5+ Bd7 8. Bxd7+ Nbxd7 9. O-O Be7 10. Re1 O-O 11. Nf1 Re8 12. Ne3 Nf8 13. Ne5 cxd4 14. Qxd4 Ne6 15. Qd3 d4 16. Nf5 dxc3 17. Qg3 Kh7 18. Nxf7 Qd5 19. Ne5 g5 20. Qh3 Bf8 21. Nxh6 Bxh6 22. Qf5+ Kh8 23. Qg6 Bg7 24. Nf7+ Kg8 25. Nh6+ Kh8 26. Nf7+ Kg8 27. Nh6+ Kh8 28. Nf7+ Kg8 29. Nh6+ Kh8 30. Nf7+ Kg8 31. Nh6+ 1/2-1/2

[Event "CZE-ch 2020"]
[Site "Pilsen"]
[Date "2020.08.30"]
[Round "8.22"]
[White "Eret, Jonas"]
[Black "Nytra, Ondrej"]
[Result "1-0"]
[ECO "D02"]
[WhiteElo "2219"]
[BlackElo "1925"]
[Annotator "ChessBase"]
[PlyCount "53"]
[EventDate "2020.08.23"]
[EventType "swiss"]
[EventCountry "CZE"]
[SourceTitle "playchess.com"]
[Source "ChessBase"]
[SourceQuality "1"]
[TimeControl "40/5400+30:1800+30"]

1. d4 d5 2. Nf3 Nf6 3. Bf4 c5 4. e3 Nc6 5. Nbd2 Qb6 6. dxc5 Qxb2 7. Rb1 Qc3 8. Bb5 Bd7 9. O-O Qxc5 10. c4 e6 11. Qe2 Be7 12. Rfc1 Qa3 13. cxd5 exd5 14. e4 O-O 15. e5 Nh5 16. Be3 Bf5 17. Bxc6 bxc6 18. Nd4 Bg6 19. g4 Rfc8 20. gxh5 Bxb1 21. Nxb1 Qb4 22. a3 Qa4 23. Qg4 c5 24. Nc3 Qxd4 25. Bxd4 cxd4 26. h6 g6 27. Ne2 1-0

[Event "CZE-ch 2020"]
[Site "Pilsen"]
[Date "2020.08.30"]
[Round "8.23"]
[White "Hlozek, David"]
[Black "Pychova, Nela"]
[Result "0-1"]
[ECO "B32"]
[WhiteElo "2037"]
[BlackElo "2159"]
[Annotator "ChessBase"]
[PlyCount "66"]
[EventDate "2020.08.23"]
[EventType "swiss"]
[EventCountry "CZE"]
[SourceTitle "playchess.com"]
[Source "ChessBase"]
[SourceQuality "1"]
[TimeControl "40/5400+30:1800+30"]

1. e4 c5 2. Nf3 Nc6 3. d4 cxd4 4. Nxd4 e5 5. Nb5 a6 6. Nd6+ Bxd6 7. Qxd6 Qf6 8. Qxf6 Nxf6 9. f3 d5 10. exd5 Nxd5 11. Bd2 Bf5 12. Na3 Ndb4 13. c3 Nd3+ 14. Bxd3 Bxd3 15. Kf2 O-O-O 16. Rac1 f5 17. b4 f4 18. c4 Rhe8 19. b5 Nd4 20. bxa6 bxa6 21. Rhe1 g5 22. Ba5 Rd7 23. c5 Nc6 24. Bb6 Rd4 25. Rc3 Re7 26. Rd1 Red7 27. Rd2 h5 28. Rb2 g4 29. Rc1 h4 30. fxg4 e4 31. g3 e3+ 32. Kg2 Be4+ 33. Kf1 f3 0-1

[Event "CZE-ch 2020"]
[Site "Pilsen"]
[Date "2020.08.30"]
[Round "8.24"]
[White "Simek, Petr"]
[Black "Smolik, Jachym"]
[Result "1-0"]
[ECO "E68"]
[WhiteElo "2324"]
[BlackElo "2121"]
[Annotator "ChessBase"]
[PlyCount "101"]
[EventDate "2020.08.23"]
[EventType "swiss"]
[EventCountry "CZE"]
[SourceTitle "playchess.com"]
[Source "ChessBase"]
[SourceQuality "1"]
[TimeControl "40/5400+30:1800+30"]

1. c4 Nf6 2. g3 g6 3. Bg2 Bg7 4. Nc3 O-O 5. d4 d6 6. Nf3 Nbd7 7. O-O e5 8. e4 exd4 9. Nxd4 Re8 10. h3 Nc5 11. Re1 Bd7 12. Bf4 h6 13. g4 h5 14. f3 hxg4 15. hxg4 Nh7 16. Bg3 a6 17. Qd2 Be6 18. b3 Be5 19. f4 Bxg4 20. fxe5 dxe5 21. Nd5 c6 22. b4 cxd5 23. bxc5 dxc4 24. Nf3 Bxf3 25. Qxd8 Raxd8 26. Bxf3 Rd3 27. Kf2 Ng5 28. Bg2 Ne6 29. c6 Nc5 30. cxb7 Nxb7 31. Rac1 c3 32. Bf1 Rd2+ 33. Re2 Nc5 34. Kf3 Rd3+ 35. Re3 Rd2 36. Rexc3 Ne6 37. Rc8 Kf8 38. Bxe5 Rxc8 39. Rxc8+ Ke7 40. Bc4 f6 41. Bc3 Ng5+ 42. Ke3 Rh2 43. Bd5 Rh3+ 44. Kd2 f5 45. e5 Ne4+ 46. Bxe4 fxe4 47. a3 Rd3+ 48. Kc2 Rd5 49. Rc4 a5 50. Rxe4 Ke6 51. Rf4 1-0

[Event "CZE-ch 2020"]
[Site "Pilsen"]
[Date "2020.08.30"]
[Round "8.25"]
[White "Toman, Ondrej"]
[Black "Bartos, Jan"]
[Result "1/2-1/2"]
[ECO "A40"]
[WhiteElo "2233"]
[BlackElo "2131"]
[Annotator "ChessBase"]
[PlyCount "71"]
[EventDate "2020.08.23"]
[EventType "swiss"]
[EventCountry "CZE"]
[SourceTitle "playchess.com"]
[Source "ChessBase"]
[SourceQuality "1"]
[TimeControl "40/5400+30:1800+30"]

1. d4 e6 2. Bf4 Nf6 3. e3 d5 4. Nd2 Bd6 5. Ngf3 O-O 6. Bg3 b6 7. Ne5 c5 8. c3 Qc7 9. Bd3 Ba6 10. Bxa6 Nxa6 11. O-O Nb8 12. f4 Nc6 13. Qf3 Ne7 14. Bh4 Nd7 15. Qh3 Nf5 16. Bf2 Be7 17. g4 Nd6 18. f5 cxd4 19. exd4 Nxe5 20. dxe5 Nc4 21. Nxc4 Qxc4 22. Bd4 f6 23. b3 Qc6 24. Rae1 exf5 25. e6 fxg4 26. Qxg4 Bc5 27. Rf3 Bxd4+ 28. cxd4 Rae8 29. e7 Rf7 30. Rfe3 f5 31. Qh4 Qf6 32. Qxf6 Rxf6 33. Rc3 Kf7 34. Rc7 a5 35. Re5 g6 36. Rb7 1/2-1/2

[Event "CZE-ch 2020"]
[Site "Pilsen"]
[Date "2020.08.30"]
[Round "8.26"]
[White "Vojta, Jakub"]
[Black "Kawulok, Marek"]
[Result "1/2-1/2"]
[ECO "B27"]
[WhiteElo "2093"]
[BlackElo "2226"]
[Annotator "ChessBase"]
[PlyCount "61"]
[EventDate "2020.08.23"]
[EventType "swiss"]
[EventCountry "CZE"]
[SourceTitle "playchess.com"]
[Source "ChessBase"]
[SourceQuality "1"]
[TimeControl "40/5400+30:1800+30"]

1. e4 c5 2. Nf3 g6 3. c4 Nc6 4. d4 cxd4 5. Nxd4 Qb6 6. Nb5 Bg7 7. N1c3 Nf6 8. Be3 Qa5 9. f3 O-O 10. Be2 d6 11. O-O a6 12. Nd4 Nxd4 13. Bxd4 Be6 14. Rc1 Rfc8 15. Qa4 Qxa4 16. Nxa4 Nd7 17. Be3 Rcb8 18. Nc3 b5 19. Nd5 Bxd5 20. cxd5 Rc8 21. Rxc8+ Rxc8 22. Rc1 Rxc1+ 23. Bxc1 Nb6 24. b3 Bd4+ 25. Kf1 Kf8 26. Ke1 Ke8 27. Kd2 Kd7 28. Kd3 Bg1 29. h3 Kc7 30. Kc2 Nd7 31. Bb2 1/2-1/2

[Event "CZE-ch 2020"]
[Site "Pilsen"]
[Date "2020.08.30"]
[Round "8.27"]
[White "Laurincova, Kristyna"]
[Black "Vybiral, Zdenek"]
[Result "0-1"]
[ECO "C03"]
[WhiteElo "2008"]
[BlackElo "2221"]
[Annotator "ChessBase"]
[PlyCount "50"]
[EventDate "2020.08.23"]
[EventType "swiss"]
[EventCountry "CZE"]
[SourceTitle "playchess.com"]
[Source "ChessBase"]
[SourceQuality "1"]
[TimeControl "40/5400+30:1800+30"]

1. e4 e6 2. d4 d5 3. Nd2 a6 4. Ngf3 c5 5. exd5 exd5 6. Be2 Nf6 7. O-O Bd6 8. dxc5 Bxc5 9. Nb3 Bb6 10. Re1 O-O 11. Nfd4 Nc6 12. Bf4 Re8 13. c3 Ne4 14. Bf3 Qf6 15. Bg3 Bd7 16. Nxc6 Bxc6 17. Nd4 g6 18. Qd3 h5 19. h4 Nxg3 20. fxg3 Qd6 21. Kh2 Bc7 22. Ne2 Bb5 23. c4 Bxc4 24. Qa3 Qxa3 25. bxa3 Ba5 0-1

[Event "CZE-ch 2020"]
[Site "Pilsen"]
[Date "2020.08.30"]
[Round "8.28"]
[White "Nagy, Ladislav"]
[Black "Koubova, Anna Marie"]
[Result "1/2-1/2"]
[ECO "C02"]
[WhiteElo "2150"]
[BlackElo "2099"]
[Annotator "NA"]
[PlyCount "65"]
[EventDate "2020.08.23"]
[EventType "swiss"]
[EventCountry "CZE"]
[SourceTitle "playchess.com"]
[Source "ChessBase"]
[SourceQuality "1"]
[TimeControl "40/5400+30:1800+30"]

1. e4 e6 2. d4 d5 3. e5 c5 4. c3 Nc6 5. Nf3 Bd7 6. Be2 cxd4 7. cxd4 Nh6 {[%emt 0:00:44] C02: French: Advance Variation.} 8. Bxh6 gxh6 9. Nc3 Bg7 10. Qd2 {[%emt 0:06:53] [#]} Rc8 $146 ({Predecessor:} 10... f6 11. O-O O-O 12. Bb5 fxe5 13. Bxc6 Bxc6 14. Nxe5 Bxe5 15. dxe5 d4 16. Ne2 Qd5 {½-½ (55) Tan,C (2300)-Vasiljevic,D (2325) Belgrade 1988}) 11. O-O O-O 12. Rad1 f6 13. exf6 Qxf6 14. Bb5 Be8 15. Bxc6 bxc6 16. Ne2 c5 17. Rc1 Bb5 18. Rxc5 Rxc5 19. dxc5 Qxb2 20. Qxb2 Bxb2 21. Rb1 Bxe2 $11 22. Rxb2 Bxf3 23. gxf3 Rc8 24. Rb7 Rxc5 25. Rxa7 Rc1+ 26. Kg2 e5 27. a4 d4 28. a5 d3 29. Rd7 Ra1 30. Rxd3 Rxa5 31. Rd7 Ra6 32. Re7 Rg6+ 33. Kf1 1/2-1/2

[Event "CZE-ch 2020"]
[Site "Pilsen"]
[Date "2020.08.30"]
[Round "8.29"]
[White "Kures, Michael"]
[Black "Nemec, Jachym"]
[Result "0-1"]
[ECO "B94"]
[WhiteElo "2019"]
[BlackElo "2150"]
[Annotator "NA"]
[PlyCount "50"]
[EventDate "2020.08.23"]
[EventType "swiss"]
[EventCountry "CZE"]
[SourceTitle "playchess.com"]
[Source "ChessBase"]
[SourceQuality "1"]
[TimeControl "40/5400+30:1800+30"]

1. e4 c5 2. Nf3 d6 3. d4 cxd4 4. Nxd4 Nf6 5. Nc3 a6 6. Bg5 Nbd7 7. Qd2 e6 8. O-O-O Qc7 9. Kb1 Be7 10. f4 b5 $11 11. Bxf6 Nxf6 12. Bd3 b4 13. Nce2 Bb7 14. Qxb4 O-O 15. Qc3 Qb6 16. Ng3 Rfc8 17. Qb3 Qxd4 18. e5 Bd5 19. Qa3 Qb6 20. exf6 Bxf6 21. Ka1 Rab8 22. Rb1 Rc5 23. c4 Ra5 24. Qxa5 Qxa5 25. cxd5 Qa3 0-1